 Dungeon Crawl Stone Soup version 0.23.2 (webtiles) character file.

Game seed: 18197273254817315633

196 Borgoz the Cutter (level 5, 0/45 HPs)
             Began as a Ghoul Gladiator on Apr 3, 2019.
             Killed by divine providence
             ... invoked by an orc priest
              (15 damage)
             ... on level 3 of the Dungeon.
             The game lasted 00:03:52 (2515 turns).

Borgoz the Cutter (Ghoul Gladiator)                 Turns: 2515, Time: 00:03:54

Health: 0/45       AC:  6    Str: 17 (18) XL:     5   Next: 74%
Magic:  4/4        EV: 12    Int:  6 (8)  God:
Gold:   81         SH:  0    Dex: 10 (11) Spells: 4/4 levels left

rFire    . . .     SeeInvis .   b - +0 dagger (drain)
rCold    + . .     Gourm    .   (no shield)
rNeg     + + +     Faith    .   j - +0 ring mail
rPois    ∞         Spirit   .   y - +0 helmet
rElec    .         Reflect  .   (no cloak)
rCorr    .         Harm     .   (no gloves)
MR       .....                  (no boots)
Stlth    +.........             u - amulet of regeneration
HPRegen  0.00/turn              (no ring)
MPRegen  0.09/turn              (no ring)

@: brilliant, flying (expiring), rotting, hasted, very quick
A: rotting body, claws 1, carnivore, cold resistance 1, negative energy
resistance 3, inhibited regeneration, torment resistance, unbreathing
a: no special abilities


You were on level 3 of the Dungeon.
You were not hungry.

You visited 1 branch of the dungeon, and saw 3 of its levels.

You collected 81 gold pieces.

Inventory:

Hand Weapons
 a - a +0 dagger of venom
 b - a +0 dagger of draining (weapon)
 m - a +0 rapier
Missiles
 d - 2 throwing nets (quivered)
 r - 5 tomahawks
 t - 2 javelins
Armour
 j - a +0 ring mail (worn)
 y - a +0 helmet (worn)
Jewellery
 u - an amulet of regeneration (around neck)
Scrolls
 e - 6 scrolls of identify {unknown}
 g - a scroll of teleportation {unknown}
 o - 2 scrolls of enchant armour {unknown}
 s - 2 scrolls of fear {unknown}
 v - 2 scrolls of remove curse {unknown}
 x - a scroll of blinking {unknown}
Potions
 c - 3 potions of flight
 h - a potion of heal wounds {unknown}
 i - a potion of haste
 k - a potion of agility {unknown}
 l - a potion of invisibility {unknown}
 n - a potion of brilliance
Comestibles
 f - 3 rations
 w - 3 chunks of flesh


   Skills:
 + Level 3.0 Fighting
 * Level 3.7 Short Blades
 - Level 1.7 Throwing
 * Level 2.0 Armour
 * Level 3.6 Dodging
 + Level 2.0 Stealth


You had 4 spell levels left.
You didn't know any spells.
Your spell library contained the following spells:

 Spells                   Type           Power        Failure   Level  Hunger
 Confusing Touch          Hex            #.....       10%         1    ##.....
 Confuse                  Hex            #.......     26%         3    ####...
 Gell's Gravitas          Tloc           #.........   26%         3    ####...
 Petrify                  Tmut/Erth      #.......     58%         4    #####..
 Metabolic Englaciation   Hex/Ice        #.........   87%         5    ######.
 Yara's Violent Unravell  Hex/Tmut       #.........   87%         5    ######.


Dungeon Overview and Level Annotations

Branches:
Dungeon (3/15)

Altars:
Makhleb
Nemelex Xobeh


Innate Abilities, Weirdness & Mutations

Your body is rotting away.
You thrive on raw meat.
You are immune to poison.
You have sharp fingernails.
You are carnivorous and can eat meat at any time.
Your flesh is cold resistant. (rC+)
You are immune to negative energy. (rN+++)
You do not regenerate when monsters are visible.
You are immune to unholy pain and torment.
You can survive without breathing.


Message History

You hit the orc.
You kill the orc!
Your Stealth skill increases to level 2!
You hit the orc priest. You drain the orc priest.
The orc priest is moderately wounded.
The orc priest hits you but does no damage.
You closely miss the orc priest.
The orc priest is moderately wounded.
You barely miss the orc priest.
The orc priest is moderately wounded.
The orc priest hits you with a +0 short sword.
You closely miss the orc priest.
The orc priest is moderately wounded.
You hit the orc priest but do no damage.
You drain the orc priest.
The orc priest is severely wounded.
You are starting to lose your buoyancy.
The orc priest mumbles some strange prayers to Beogh against you.
Beogh smites you!
You die...

..............##.####...####.....
...>....................'........
.#..........#.##.####...####.....
..........###)##.# ##### #.....
#.........###.##.###########g...g
...................g..)..g.....#+
..............##.###############
##[.......######.# .......####
#@# ##...#.#########o########
##...........((og....<...
##.###.#######.(†......# ##.# #.#
#....)....## ##.# #.#
#....)...... ...# #÷#
#........... ######.###
#........... .........#
##..........


You could see an orc priest, an orc and a hobgoblin.

Vanquished Creatures
  An orc wizard (D:3)
  An iguana (D:2)
  Robin (D:3)
  2 gnolls (D:2)
  3 adders
  An ooze (D:1)
  3 orcs (D:3)
  5 bats
  2 giant cockroaches
  18 goblins
  10 hobgoblins
  12 jackals
  6 kobolds
  2 frilled lizards (D:3)
  6 rats
73 creatures vanquished.

Notes
Turn   | Place    | Note
-------+----------+-------------------------------------------
     0 | D:1      | Borgoz the Ghoul Gladiator began the quest for the Orb.
     0 | D:1      | Reached XP level 1. HP: 17/17 MP: 0/0
    68 | D:1      | Reached XP level 2. HP: 5/24 MP: 1/1
   503 | D:1      | Reached skill level 1 in Armour
   544 | D:1      | Reached XP level 3. HP: 27/30 MP: 2/2
  1105 | D:2      | Reached skill level 1 in Stealth
  1125 | D:2      | Reached XP level 4. HP: 15/37 MP: 3/3
  1532 | D:2      | Found a sparkling altar of Nemelex Xobeh.
  1632 | D:2      | Found a burning altar of Makhleb.
  1972 | D:3      | Reached XP level 5. HP: 42/42 MP: 4/4
  2046 | D:3      | Noticed Robin
  2128 | D:3      | Killed Robin
  2515 | D:3      | Killed from afar by an orc priest

Skill      XL: |  1  2  3  4  5 |
---------------+----------------+-----
Short Blades   | 3 |  3.7
Armour         | 1 2 |  2.0
Dodging        | 3 |  3.6
Stealth        | 1 2 |  2.0
Fighting       | 3 |  3.0
Throwing       | |  1.7

Action                   |  1- 3 |  4- 6 || total
-------------------------+-------+-------++-------
Melee: Rapier            |    78 |       ||    78
       Dagger            |    37 |   165 ||   202
Throw: Throwing net      |     1 |       ||     1
  Use: Potion            |       |     6 ||     6
  Eat: Chunk             |     3 |    10 ||    13
Armor: Leather armour    |    14 |       ||    14
       Ring mail         |    24 |    44 ||    68
Dodge: Dodged            |    69 |    79 ||   148
